AoeStats
← Irving Legend

Migration

506687914Analyzed
1v1 RM · 19d ago on Sep 14, 2026· 53m 52s· 2 players
Game mode
Random Map
Map size
132×132
Population
200
Speed
Normal
Resources
Standard
Victory
Conquest
Starting age
Dark Age
Ending age
Imperial Age
RankedLock teamsTeams togetherTeam positionsShared explorationLock speedFull tech treeHidden civsTurbo modeCheats
Victory
Defeat
🇨🇦 Dravidians · Canada
1175
+15
🇩🇪 Malians · Germany
1154
-15
Dis Pater93(DE)
11:58 Feudal Age
10:15 Loom
12:55 Fishing Lines
14:38 Wheelbarrow
14:46 Double-Bit Axe
15:31 Fletching
15:55 Horse Collar
23:06 Castle Age
21:19 Gold Mining
22:36 Stone Mining
24:17 Medium Warships
24:12 Bodkin Arrow
23:44 Demolition Ship
25:23 Scale Mail Armor
25:29 Scale Barding Armor
25:35 Forging
25:28 Town Watch
25:34 Pikeman
27:14 Ballistics
27:09 Clinker Construction
27:23 Heavy Plow
27:47 Squires
27:58 Arson
29:54 Bow Saw
29:56 Town Patrol
30:49 Treadmill Crane
38:42 Imperial Age
37:28 Man-at-Arms
38:54 Chain Mail Armor
38:23 Long Swordsman
38:32 Long Swordsman
39:45 Two-Handed Swordsman
42:56 Chemistry
43:22 Plate Mail Armor
45:07 Iron Casting
47:43 Heavy Warships
Irving Legend
6:58 Loom
10:38 Feudal Age
11:51 Double-Bit Axe
12:59 Fletching
19:18 Castle Age
18:15 Horse Collar
18:27 Gold Mining
20:11 Fishing Lines
20:43 Medium Warships
20:44 Bodkin Arrow
21:18 Bow Saw
23:58 Stone Mining
24:40 Ballistics
26:30 Elite Skirmisher
35:20 Imperial Age
34:24 Medical Corps
37:07 Husbandry
37:38 Conscription
37:28 Padded Archer Armor
38:11 Masonry
41:55 Chemistry
41:25 Leather Archer Armor
43:24 Bracer
48:38 Ring Archer Armor
48:09 Scale Mail Armor
48:20 Forging
49:38 Thumb Ring
Connection lost

Rejoining the realm…

Still unreachable

The connection could not be restored.

Session expired

The server has moved on; the page needs a fresh start.